 Dungeon Crawl Stone Soup version 0.30.0-10-gfe55d96785 (webtiles) character file.

Game seed: 10914496439273190058

99 CaptainMV the Cruncher (level 4, -2/34 HPs)
             Began as a Gnoll Wanderer on May 16, 2023.
             Slain by a goblin
             ... wielding a +0 club
             ... led by Robin
              (5 damage)
             ... on level 3 of the Dungeon.
             The game lasted 00:08:24 (1254 turns).

CaptainMV the Cruncher (Gnoll Wanderer)             Turns: 1254, Time: 00:08:25

Health: -2/34      AC:  4    Str: 13    XL:     4   Next: 72%
Magic:  5/5        EV: 13    Int: 10    God:
Gold:   144        SH:  0    Dex: 13    Spells: 5/5 levels left

rFire   . . .        b - +2 dagger (vamp)
rCold   . . .        (no shield)
rNeg    . . .        e - +0 leather armour
rPois   .            (no helmet)
rElec   .            c - +0 cloak
rCorr   .            (no gloves)
SInv    .            (no boots)
Will    .....        (no amulet)
Stlth   ++           (no ring)
HPRegen 0.25/turn    (no ring)
MPRegen 0.09/turn

%: no passive effects
@: lethally poisoned (-2 -> -11)
A: fangs 1, strong nose, distributed training
a: no special abilities


You were on level 3 of the Dungeon.
You visited 1 branch of the dungeon, and saw 3 of its levels.

You collected 144 gold pieces.

Inventory:

Hand Weapons
 a - a +2 quarterstaff
 b - a +2 vampiric dagger (weapon)
Missiles
 i - 6 poisoned darts (quivered)
Armour
 c - a +0 cloak (worn)
 e - a +0 leather armour (worn)
Scrolls
 f - a scroll of brand weapon {unknown}
 g - a scroll of noise
 h - a scroll of magic mapping
 l - a scroll of vulnerability {unknown}
 m - a scroll of identify
 n - a scroll of fear {unknown}
Potions
 d - a potion of heal wounds
 j - 2 potions of attraction
 k - a potion of might {unknown}


   Skills:
 + Level 2.8 Fighting
 + Level 1.2 Short Blades
 + Level 1.2 Long Blades
 + Level 2.8 Axes
 + Level 1.2 Maces & Flails
 + Level 1.2 Polearms
 + Level 10.5 Staves
 + Level 1.2 Ranged Weapons
 + Level 1.2 Throwing
 + Level 1.2 Armour
 + Level 4.7 Dodging
 + Level 2.6 Stealth
 + Level 1.2 Shields
 + Level 1.2 Unarmed Combat
 + Level 1.2 Spellcasting
 + Level 1.0 Conjurations
 + Level 1.0 Hexes
 + Level 1.0 Summonings
 + Level 1.0 Necromancy
 + Level 1.0 Translocations
 + Level 1.0 Transmutations
 + Level 1.0 Fire Magic
 + Level 1.0 Ice Magic
 + Level 1.0 Air Magic
 + Level 1.0 Earth Magic
 + Level 1.0 Poison Magic
 + Level 1.4 Invocations
 + Level 1.2 Evocations


You had 5 spell levels left.
You didn't know any spells.
Your spell library was empty.

Dungeon Overview and Level Annotations

Branches:
Dungeon (3/15)

Altars:
Okawaru

Annotations:
D:3 Robin


Innate Abilities, Weirdness & Mutations

You have very sharp teeth.
Your uncanny sense of smell can sniff out nearby items.
Your experience applies equally to all skills.


Message History

The gnoll attacks as you move away! The gnoll closely misses you.
The goblin unwields a +0 club.
The goblin wields a +0 sling.
The goblin shoots a sling bullet.
The sling bullet barely misses you.
A goblin comes into view. It is wielding a +0 club.
The gnoll attacks as you move away! The gnoll hits you with a +0 flail!
Robin roars a battlecry!
The goblins go into a battle-frenzy!
Robin laughs in a distinctly smug fashion.
Robin throws the goblin at you!
A hobgoblin comes into view.
The goblin shoots a sling bullet.
The sling bullet hits you but does no damage.
The goblin hits you but does no damage.
You are poisoned.
You feel sick.
The goblin shoots a sling bullet.
The sling bullet closely misses you.
Robin roars a battlecry!
The goblin goes into a battle-frenzy!
The goblin attacks as you move away!
The goblin hits you with a +0 dagger of venom.
You are more poisoned.
You feel very sick.
You hit the goblin.
The goblin is heavily wounded.
You feel sick.
The goblin hits you with a +0 dagger of venom.
You are lethally poisoned!
You hit the goblin.
You feel better.
You kill the goblin!
You feel very sick. The gnoll hits you with a +0 flail.
* * * LOW HITPOINT WARNING * * *
The gnoll hits you with a +0 flail.
* * * LOW HITPOINT WARNING * * *
You barely miss the goblin. You bite the goblin.
The goblin is heavily wounded.
* * * LOW HITPOINT WARNING * * *
You feel very sick.
The goblin unwields a +0 sling.
The goblin wields a +0 club.
The goblin hits you with a +0 club.
You die...

).).#..###..# .
..g.g......# ...
##g..<.....#
....#....gg.(..#
.......#.g..g..# #
#........#g### ###..
#.........g..g.#####....
###..#......#gg.........
#. #......#@g....##..
#.# # ##....##......##.#
..# #....##..###>##.#
#..#. ##..##...#
#..#.####..#. #..##..##
##........... ####....
###.........# #....
#............
..####...#..........
#####..........


You could see 3 gnolls, a hobgoblin (strong) and 3 goblins.

Vanquished Creatures
  3 adders (D:2)
  2 worms (D:2)
  A dart slug (D:1)
  9 bats
  An endoplasm (D:1)
  4 giant cockroaches
  9 goblins
  3 hobgoblins
  4 jackals (D:1)
  3 quokkas
  7 ball pythons
  5 frilled lizards
  6 kobolds
  3 rats (D:1)
60 creatures vanquished.

Notes
Turn   | Place    | Note
-------+----------+-------------------------------------------
     0 | D:1      | Reached skill level 10 in Staves
     0 | D:1      | CaptainMV the Gnoll Wanderer began the quest for the Orb.
     0 | D:1      | CaptainMV set off with the following items: a +2
                  | quarterstaff, a +0 hand axe, a +0 cloak, a potion of heal
                  | wounds, a +0 leather armour.
     0 | D:1      | Reached XP level 1. HP: 17/17 MP: 1/1
    64 | D:1      | Reached XP level 2. HP: 11/23 MP: 2/2
   160 | D:1      | Reached XP level 3. HP: 28/28 MP: 3/3
   288 | D:1      | Reached skill level 1 in Invocations
   777 | D:2      | Reached skill level 1 in Short Blades
   777 | D:2      | Reached skill level 1 in Long Blades
   777 | D:2      | Reached skill level 1 in Maces & Flails
   777 | D:2      | Reached skill level 1 in Polearms
   777 | D:2      | Reached skill level 1 in Ranged Weapons
   777 | D:2      | Reached skill level 1 in Throwing
   777 | D:2      | Reached skill level 1 in Armour
   777 | D:2      | Reached skill level 1 in Shields
   777 | D:2      | Reached skill level 1 in Unarmed Combat
   777 | D:2      | Reached skill level 1 in Spellcasting
   777 | D:2      | Reached skill level 1 in Evocations
   814 | D:2      | Reached XP level 4. HP: 30/34 MP: 5/5
  1023 | D:2      | Reached skill level 1 in Conjurations
  1023 | D:2      | Reached skill level 1 in Hexes
  1023 | D:2      | Reached skill level 1 in Summonings
  1023 | D:2      | Reached skill level 1 in Necromancy
  1023 | D:2      | Reached skill level 1 in Translocations
  1023 | D:2      | Reached skill level 1 in Transmutations
  1023 | D:2      | Reached skill level 1 in Fire Magic
  1023 | D:2      | Reached skill level 1 in Ice Magic
  1023 | D:2      | Reached skill level 1 in Air Magic
  1023 | D:2      | Reached skill level 1 in Earth Magic
  1023 | D:2      | Reached skill level 1 in Poison Magic
  1236 | D:3      | Found an iron altar of Okawaru.
  1244 | D:3      | Noticed Robin
  1254 | D:3      | Slain by a goblin

Illustrated notes

Levels and vault maps discovered:
D:1:      lightli_arrival_chessboard, layout_loops_ring, minmay_misc_feat_plants
D:2:      layout_rooms, minmay_tromino_v7
D:3:      layout_rooms, okawaru_ov_weapons_minmay,
          chequers_ecumenical_altar_island, minmay_misc_feat_x, uniq_robin

Skill      XL: |  1  2  3  4 |
---------------+-------------+-----
Staves         | | 10.5
Invocations    | 1 |  1.4
Short Blades   | 1 |  1.2
Long Blades    | 1 |  1.2
Maces & Flails | 1 |  1.2
Polearms       | 1 |  1.2
Ranged Weapons | 1 |  1.2
Throwing       | 1 |  1.2
Armour         | 1 |  1.2
Shields        | 1 |  1.2
Unarmed Combat | 1 |  1.2
Spellcasting   | 1 |  1.2
Evocations     | 1 |  1.2
Conjurations   | 1 |  1.0
Hexes          | 1 |  1.0
Summonings     | 1 |  1.0
Necromancy     | 1 |  1.0
Translocations | 1 |  1.0
Transmutations | 1 |  1.0
Fire Magic     | 1 |  1.0
Ice Magic      | 1 |  1.0
Air Magic      | 1 |  1.0
Earth Magic    | 1 |  1.0
Poison Magic   | 1 |  1.0
Fighting       | |  2.8
Axes           | |  2.8
Dodging        | |  4.7
Stealth        | |  2.6

Action                     |  1- 3 |  4- 6 || total
---------------------------+-------+-------++-------
  Melee: Quarterstaff      |    91 |    36 ||   127
         Bite              |     9 |     4 ||    13
         Dagger            |       |     5 ||     5
  Throw: Dart              |       |     1 ||     1
    Use: Scroll            |       |     3 ||     3
   Stab: Sleeping          |     1 |       ||     1
 Armour: Leather armour    |    23 |     6 ||    29
  Dodge: Dodged            |    78 |    28 ||   106
